Punishers vs Staline
(R1)
Created - December 10, 2017 at 19:36
Goals
|
| Punishers |
1 |
1 |
1 |
3 |
| Staline |
2 |
3 |
1 |
6 |
|
Shots
|
| Punishers |
12 |
3 |
4 |
19 |
| Staline |
10 |
7 |
15 |
32 |
|
1st period
1. Staline , David Desharnais 15 (Brandon Burlon 7, James Sheppard 7) at 1:38
2. Punishers , David Laliberté 12 (Damon Severson 4) at 7:12
3. Staline , Jordan Caron 6 (Bryan Bickell 7, Marek Zagrapan 4) at 12:08
Penalties :
David Rundblad (Pro) for Boarding (Minor) at 4:18, Nikita Nesterov (StJ) for Hooking (Minor) at 12:40
2nd period
4. Staline , Corey Trivino 6 (Philip Larsen 8) at 10:29
5. Staline , Corey Trivino 7 (Jiri Sekac 2) at 14:26
6. Punishers , Luke Adam 13 (Mattias Tedenby 13) at 15:13 (PP)
7. Staline , Danny Kristo 6 (Corey Trivino 13, Jiri Sekac 3) at 16:43
Penalties :
Nikita Nesterov (StJ) for Hooking (Minor) at 0:57, Mattias Tedenby (Pro) for Goalie Interference (Minor) at 4:08, Andrey Pedan (StJ) for Holding (Minor) at 7:40, Robbie Earl (Pro) for Hooking (Minor) at 12:06, Lars Eller (StJ) for Hooking (Minor) at 15:07, Steven Goertzen (StJ) for High sticking (Minor) at 16:49
3rd period
8. Punishers , David Laliberté 13 (Mattias Tedenby 14, Stefan Elliott 10) at 4:38
9. Staline , Jordan Caron 7 (Nikita Nesterov 1, Marek Zagrapan 5) at 6:08
Penalties :
Miikka Salomaki (Pro) for Roughing (Minor) at 2:18
Goalie Stats
Louis Domingue (Pro), 14 saves from 16 shots - (0.875), 25:34 minutes
Niklas Svedberg (Pro), 12 saves from 16 shots - (0.750), L, 12-8-2, 34:26 minutes
Allen York (StJ), 16 saves from 19 shots - (0.842), W, 11-4-3, 60:00 minutes
Players Stats for Punishers
Player Name G A P +/- PIM S H SB GA TA FO MP PP MP PK MP
------------------------------------------------------------------------------------
Aaron Palushaj 0 0 0 -2 0 1 1 1 0 0 0/0 7:55 0:00 1:55
Adam McQuaid 0 0 0 -2 0 1 2 2 0 0 0/0 24:32 4:15 4:00
Boone Jenner 0 0 0 -2 0 2 2 0 0 0 1/3 11:47 0:04 0:24
Casey Cizikas 0 0 0 1 0 2 1 0 0 1 3/10 17:00 3:48 1:20
Colton Gillies 0 0 0 1 0 1 4 0 0 1 0/0 16:03 3:48 0:19
Damon Severson 0 1 1 0 0 0 0 0 0 2 0/0 9:03 0:00 0:00
David Laliberté 2 0 2 2 0 4 2 0 0 1 0/0 18:30 3:48 2:04
David Rundblad 0 0 0 -2 2 2 0 1 1 0 0/0 22:05 3:47 2:47
Garret Ross 0 0 0 -2 0 1 0 0 0 1 0/1 13:10 0:00 1:33
Jordan Schmaltz 0 0 0 0 0 0 1 0 0 0 0/0 5:05 0:00 0:00
Luke Adam 1 0 1 -2 0 3 1 1 1 0 16/29 21:56 4:10 3:52
Mattias Tedenby 0 2 2 -1 2 0 1 0 2 1 1/2 20:17 4:10 1:26
Miikka Salomaki 0 0 0 -1 2 2 2 0 0 0 1/2 11:55 0:04 0:00
Nick Schultz 0 0 0 -2 0 0 1 3 0 2 0/0 24:24 4:15 4:00
Oscar Sundqvist 0 0 0 -2 0 0 0 0 0 0 1/2 5:59 0:00 0:00
Patrick Wiercioch 0 0 0 0 0 0 0 1 0 0 0/0 10:04 0:00 1:09
Robbie Earl 0 0 0 -4 2 0 4 1 1 1 3/5 24:47 4:14 2:59
Stefan Elliott 0 1 1 -2 0 0 1 1 1 0 0/0 22:20 3:47 3:56
Trevor Van Riemsdyk 0 0 0 0 0 0 0 0 0 0 0/0 5:02 0:00 0:00
Players Stats for Staline
Player Name G A P +/- PIM S H SB GA TA FO MP PP MP PK MP
------------------------------------------------------------------------------------
Andrey Pedan 0 0 0 1 2 0 0 0 0 0 0/0 10:14 0:00 0:00
Brandon Burlon 0 1 1 1 0 4 1 1 1 0 0/0 28:17 4:13 5:00
Bryan Bickell 0 1 1 1 0 3 1 0 0 0 0/0 12:06 0:00 1:03
Corey Trivino 2 1 3 3 0 2 0 0 0 1 2/4 9:44 0:00 2:08
Danny Kristo 1 0 1 3 0 2 1 0 0 0 0/0 7:35 0:00 0:00
David Desharnais 1 0 1 0 0 5 2 1 1 0 11/15 17:57 3:22 2:14
James Sheppard 0 1 1 0 0 1 1 0 0 0 0/0 15:33 3:22 0:00
Jiri Sekac 0 2 2 3 0 0 0 0 0 0 0/0 7:44 0:00 0:06
Jordan Caron 2 0 2 1 0 2 0 0 0 0 1/1 11:16 0:13 0:00
Lars Eller 0 0 0 0 2 1 3 0 1 1 10/25 22:21 4:34 4:19
Marek Zagrapan 0 2 2 1 0 3 1 0 1 0 2/3 11:10 0:13 0:00
Mike Reilly 0 0 0 2 0 1 1 0 0 0 0/0 20:56 3:43 3:02
Nikita Nesterov 0 1 1 1 4 1 1 0 0 0 0/0 10:35 0:00 0:00
Ondrej Palat 0 0 0 0 0 4 1 0 1 1 1/2 20:11 4:21 2:54
Philip Larsen 0 1 1 2 0 0 1 0 0 0 0/0 20:53 3:43 3:02
Steven Goertzen 0 0 0 0 2 0 2 0 1 0 1/2 20:56 4:21 3:20
Stu Bickel 0 0 0 1 0 0 2 1 3 3 0/0 28:17 4:13 5:00
Tyler Pitlick 0 0 0 0 0 3 1 0 1 0 0/2 15:33 3:22 0:00
3 Stars
1 - Corey Trivino (StJ)
2 - David Laliberté (Pro)
3 - Jordan Caron (StJ)
Power Play
Punishers - 1 on 5 Attempt(s) - 20.00%
Staline - 0 on 4 Attempt(s) - 0.00%
Penalty Kill
Punishers - 4 on 4 Attempt(s) - 100.00%
- Score 0 goal in Penalty Kill
Staline - 4 on 5 Attempt(s) - 80.00%
- Score 0 goal in Penalty Kill
Team Stat
Punishers - Hits : 23 - Faceoff Wins : 26 - Blocked Shots : 11 - Penalty Minutes : 8
Staline - Hits : 19 - Faceoff Wins : 28 - Blocked Shots : 3 - Penalty Minutes : 10
Official
Referees : Pollock Kevin and Marouelli Dan
Linesman : Pierre Champoux and Brian Murphy
Game Notes
Louis Domingue enters game at 14:26 of 2nd period
Finance
Level 1 -- Attendance: 1415 (70.75%) -- Ticket Income $56,600
Level 2 -- Attendance: 735 (73.50%) -- Ticket Income $14,700
Total Attendance: 2150 (71.67%)
Total Ticket Income: $71,300
Other Income: $3,565
Total Income: $74,865
Punishers
5 vs 5 Forward
Center Left Wing Right Wing Time % Phy DF OF
1 Luke Adam Robbie Earl Mattias Tedenby 40 1 2 2
2 Casey Cizikas Colton Gillies David Laliberté 30 1 2 2
3 Boone Jenner Garret Ross Miikka Salomaki 20 1 2 2
4 Oscar Sundqvist Robbie Earl Aaron Palushaj 10 1 2 2
5 vs 5 Defense
Defense Defense Time % Phy DF OF
1 Nick Schultz Adam McQuaid 40 1 2 2
2 David Rundblad Stefan Elliott 30 1 2 2
3 Damon Severson Patrick Wiercioch 20 1 2 2
4 Jordan Schmaltz Trevor Van Riemsdyk 10 1 2 2
PowerPlay Forward
Center Left Wing Right Wing Time % Phy DF OF
1 Luke Adam Robbie Earl Mattias Tedenby 60 1 2 2
2 Casey Cizikas Colton Gillies David Laliberté 40 1 2 2
PowerPlay Defense
Defense Defense Time % Phy DF OF
1 Nick Schultz Adam McQuaid 60 1 2 2
2 David Rundblad Stefan Elliott 40 1 2 2
Penalty Kill 4 Players Forward
Center Wing Time % Phy DF OF
1 Robbie Earl Luke Adam 60 1 2 2
2 Mattias Tedenby David Laliberté 40 1 2 2
Penalty Kill 4 Players Defense
Defense Defense Time % Phy DF OF
1 Nick Schultz Adam McQuaid 60 1 2 2
2 David Rundblad Stefan Elliott 40 1 2 2
Penalty Kill - 3 Players Forward
Forward Time % Phy DF OF
1 Robbie Earl 60 1 2 2
2 Luke Adam 40 1 2 2
Penalty Kill - 3 Players Defense
Defense Defense Time % Phy DF OF
1 Nick Schultz Adam McQuaid 60 1 2 2
2 David Rundblad Stefan Elliott 40 1 2 2
4 vs 4 Forward
Center Wing Time % Phy DF OF
1 Robbie Earl Luke Adam 60 1 2 2
2 Mattias Tedenby David Laliberté 40 1 2 2
4 vs 4 Defense
Defense Defense Time % Phy DF OF
1 Nick Schultz Adam McQuaid 60 1 2 2
2 David Rundblad Stefan Elliott 40 1 2 2
Last Minutes Offensive
Center Left Wing Right Wing Defense Defense
Luke Adam Robbie Earl Mattias Tedenby Nick Schultz Adam McQuaid
Last Minutes Defensive
Center Left Wing Right Wing Defense Defense
Luke Adam Robbie Earl Mattias Tedenby Nick Schultz Adam McQuaid
Goaltenders
Starting : Niklas Svedberg
Backup : Louis Domingue
Extra Forwards
Normal : Boone Jenner, Miikka Salomaki, Aaron Palushaj - PP : Boone Jenner, Miikka Salomaki - PK : Aaron Palushaj
Extra Defensemen
Normal : Damon Severson, Patrick Wiercioch, Jordan Schmaltz - PP : Damon Severson - PK : Patrick Wiercioch, Jordan Schmaltz
Penalty Shots
Robbie Earl, Luke Adam, Mattias Tedenby, David Laliberté, Casey Cizikas
Scratches
Radek Faksa (Healthy), Quinton Howden (Healthy), Carter Ashton (Healthy), Dylan DeMelo (Healthy), Erik Nystrom (Healthy)
Stefan Ruzicka (Healthy), Tanner Glass (Suspend), Zack Hamill (Healthy)
Staline
5 vs 5 Forward
Center Left Wing Right Wing Time % Phy DF OF
1 Lars Eller Ondrej Palat Steven Goertzen 40 1 2 2
2 David Desharnais James Sheppard Tyler Pitlick 30 1 2 2
3 Marek Zagrapan Bryan Bickell Jordan Caron 20 1 2 2
4 Corey Trivino Jiri Sekac Danny Kristo 10 1 2 2
5 vs 5 Defense
Defense Defense Time % Phy DF OF
1 Stu Bickel Brandon Burlon 40 1 2 2
2 Philip Larsen Mike Reilly 30 1 2 2
3 Andrey Pedan Nikita Nesterov 20 1 2 2
4 Stu Bickel Brandon Burlon 10 1 2 2
PowerPlay Forward
Center Left Wing Right Wing Time % Phy DF OF
1 Lars Eller Ondrej Palat Steven Goertzen 60 1 2 2
2 David Desharnais James Sheppard Tyler Pitlick 40 1 2 2
PowerPlay Defense
Defense Defense Time % Phy DF OF
1 Stu Bickel Brandon Burlon 60 1 2 2
2 Philip Larsen Mike Reilly 40 1 2 2
Penalty Kill 4 Players Forward
Center Wing Time % Phy DF OF
1 Lars Eller Steven Goertzen 60 1 2 2
2 David Desharnais Ondrej Palat 40 1 2 2
Penalty Kill 4 Players Defense
Defense Defense Time % Phy DF OF
1 Stu Bickel Brandon Burlon 60 1 2 2
2 Philip Larsen Mike Reilly 40 1 2 2
Penalty Kill - 3 Players Forward
Forward Time % Phy DF OF
1 Lars Eller 60 1 2 2
2 Steven Goertzen 40 1 2 2
Penalty Kill - 3 Players Defense
Defense Defense Time % Phy DF OF
1 Stu Bickel Brandon Burlon 60 1 2 2
2 Philip Larsen Mike Reilly 40 1 2 2
4 vs 4 Forward
Center Wing Time % Phy DF OF
1 Lars Eller Steven Goertzen 60 1 2 2
2 David Desharnais Ondrej Palat 40 1 2 2
4 vs 4 Defense
Defense Defense Time % Phy DF OF
1 Stu Bickel Brandon Burlon 60 1 2 2
2 Philip Larsen Mike Reilly 40 1 2 2
Last Minutes Offensive
Center Left Wing Right Wing Defense Defense
Lars Eller Ondrej Palat Steven Goertzen Stu Bickel Brandon Burlon
Last Minutes Defensive
Center Left Wing Right Wing Defense Defense
Lars Eller Ondrej Palat Steven Goertzen Stu Bickel Brandon Burlon
Goaltenders
Starting : Allen York
Backup : Joni Ortio
Extra Forwards
Normal : Jordan Caron, Marek Zagrapan, Corey Trivino - PP : Jordan Caron, Marek Zagrapan - PK : Corey Trivino
Extra Defensemen
Normal : Andrey Pedan, Nikita Nesterov, Philip Larsen - PP : Andrey Pedan - PK : Nikita Nesterov, Philip Larsen
Penalty Shots
Lars Eller, Steven Goertzen, David Desharnais, Ondrej Palat, Tyler Pitlick
Scratches
Peter Holland (Healthy), Dustin Kohn (Healthy), Charles Hudon (Healthy), Barclay Goodrow (Healthy), David Musil (Left Foot Injury)
Malcolm Subban (Healthy), Sean Maguire (Healthy)
% Time on Ice - Punishers
Lines # - Real PCT - Wanted PCT - Time Play
Normal Forward
1 - 32% - 40% - 14:10
2 - 31% - 30% - 13:39
3 - 25% - 20% - 11:05
4 - 12% - 10% - 5:08
Normal Defense
1 - 36% - 40% - 15:48
2 - 33% - 30% - 14:28
3 - 20% - 20% - 8:44
4 - 11% - 10% - 5:02
PP Forward
1 - 53% - 60% - 4:14
2 - 47% - 40% - 3:48
PP Defense
1 - 53% - 60% - 4:15
2 - 47% - 40% - 3:47
PK Forward
1 - 74% - 60% - 5:52
2 - 26% - 40% - 2:04
PK Defense
1 - 50% - 60% - 4:00
2 - 50% - 40% - 3:56
PK3 Forward
1 - 0% - 60%
2 - 0% - 40%
PK3 Defense
1 - 0% - 60%
2 - 0% - 40%
44 Forward
1 - 0% - 60%
2 - 0% - 40%
44 Defense
1 - 0% - 60%
2 - 0% - 40%
Last Minute Offensive - 0:00
Last Minute Defensive - 0:00
Total
Forward - 60:00
Defense - 60:00
|
% Time on Ice - Staline
Lines # - Real PCT - Wanted PCT - Time Play
Normal Forward
1 - 31% - 40% - 13:32
2 - 28% - 30% - 12:11
3 - 25% - 20% - 10:52
4 - 17% - 10% - 7:27
Normal Defense
1 - 42% - 40% - 18:21
2 - 32% - 30% - 14:11
3 - 23% - 20% - 10:08
4 - 3% - 10% - 1:22
PP Forward
1 - 58% - 60% - 4:34
2 - 42% - 40% - 3:22
PP Defense
1 - 53% - 60% - 4:13
2 - 47% - 40% - 3:43
PK Forward
1 - 85% - 60% - 6:48
2 - 15% - 40% - 1:14
PK Defense
1 - 62% - 60% - 5:00
2 - 38% - 40% - 3:02
PK3 Forward
1 - 0% - 60%
2 - 0% - 40%
PK3 Defense
1 - 0% - 60%
2 - 0% - 40%
44 Forward
1 - 0% - 60%
2 - 0% - 40%
44 Defense
1 - 0% - 60%
2 - 0% - 40%
Last Minute Offensive - 0:00
Last Minute Defensive - 0:00
Total
Forward - 60:00
Defense - 60:00
|
Play by Play
1st period
0:01 of 1st period - Luke Adam wins face-off versus Lars Eller in neutral zone.
0:14 of 1st period - Off-side.
0:15 of 1st period - Casey Cizikas wins face-off versus David Desharnais in neutral zone.
0:49 of 1st period - Slapshot by Damon Severson.
0:49 of 1st period - Deflect By Miikka Salomaki.
0:49 of 1st period - Stopped by Allen York without a rebound.
0:50 of 1st period - Luke Adam wins face-off versus Ondrej Palat in Staline zone.
1:38 of 1st period - Backhand shot by David Desharnais.
1:38 of 1st period - Goal by David Desharnais - Punishers : 0 - Staline : 1.
1:39 of 1st period - Oscar Sundqvist wins face-off versus Lars Eller in neutral zone.
2:15 of 1st period - Snap shot by Casey Cizikas.
2:15 of 1st period - Stopped by Allen York without a rebound.
2:16 of 1st period - David Desharnais wins face-off versus Luke Adam in Staline zone.
2:42 of 1st period - Philip Larsen is hit by Miikka Salomaki and loses puck.
2:51 of 1st period - Wrist shot by Boone Jenner.
2:51 of 1st period - Stopped by Allen York with a rebound.
2:53 of 1st period - Slapshot by Adam McQuaid.
2:53 of 1st period - Deflect By Garret Ross.
2:53 of 1st period - Stopped by Allen York without a rebound.
2:54 of 1st period - Luke Adam wins face-off versus Marek Zagrapan in Staline zone.
3:03 of 1st period - Slapshot by Luke Adam.
3:03 of 1st period - Deflect By Robbie Earl.
3:03 of 1st period - Shot Blocked by Stu Bickel.
3:03 of 1st period - Puck is out of play.
3:04 of 1st period - Marek Zagrapan wins face-off versus Luke Adam in Staline zone.
3:04 of 1st period - Marek Zagrapan is hit by Robbie Earl.
3:10 of 1st period - Nick Schultz is hit by Stu Bickel and loses puck.
3:43 of 1st period - Snap shot by Marek Zagrapan.
3:43 of 1st period - Stopped by Niklas Svedberg with a rebound.
3:53 of 1st period - Snap shot by Jordan Caron.
3:53 of 1st period - Shot Misses the Net.
3:55 of 1st period - Slapshot by Brandon Burlon.
3:55 of 1st period - Stopped by Niklas Svedberg with a rebound.
4:13 of 1st period - Snap shot by Bryan Bickell.
4:13 of 1st period - Stopped by Niklas Svedberg with a rebound.
4:15 of 1st period - Slapshot by Brandon Burlon.
4:15 of 1st period - Deflect By Adam McQuaid.
4:15 of 1st period - Stopped by Niklas Svedberg without a rebound.
4:16 of 1st period - Casey Cizikas wins face-off versus Lars Eller in Punishers zone.
4:18 of 1st period - Minor Penalty to David Rundblad for Boarding.
4:19 of 1st period - Robbie Earl wins face-off versus Lars Eller in Punishers zone.
4:19 of 1st period - Robbie Earl is hit by Mike Reilly.
4:34 of 1st period - Slapshot by Lars Eller.
4:34 of 1st period - Shot Misses the Net.
5:40 of 1st period - Icing by James Sheppard.
5:41 of 1st period - Mattias Tedenby wins face-off versus Tyler Pitlick in Staline zone.
6:18 of 1st period - Penalty to David Rundblad is over, David Rundblad is back on ice.
6:22 of 1st period - Snap shot by David Laliberté.
6:22 of 1st period - Stopped by Allen York with a rebound.
6:52 of 1st period - Wrist shot by Bryan Bickell.
6:52 of 1st period - Stopped by Niklas Svedberg without a rebound.
6:53 of 1st period - David Desharnais wins face-off versus Boone Jenner in Punishers zone.
7:00 of 1st period - Slapshot by Tyler Pitlick.
7:00 of 1st period - Deflect By David Desharnais.
7:00 of 1st period - Shot Misses the Net.
7:00 of 1st period - Puck is out of play.
7:01 of 1st period - David Desharnais wins face-off versus Casey Cizikas in Punishers zone.
7:12 of 1st period - Slapshot by David Laliberté.
7:12 of 1st period - Goal by David Laliberté - Punishers : 1 - Staline : 1.
7:13 of 1st period - Lars Eller wins face-off versus Casey Cizikas in neutral zone.
7:34 of 1st period - Stu Bickel is hit by David Laliberté and loses puck.
8:15 of 1st period - Wrist shot by Casey Cizikas.
8:15 of 1st period - Stopped by Allen York with a rebound.
8:17 of 1st period - Slapshot by David Rundblad.
8:17 of 1st period - Stopped by Allen York without a rebound.
8:18 of 1st period - Luke Adam wins face-off versus David Desharnais in Staline zone.
8:29 of 1st period - Wrist shot by Luke Adam.
8:29 of 1st period - Stopped by Allen York without a rebound.
8:30 of 1st period - Luke Adam wins face-off versus David Desharnais in Staline zone.
8:43 of 1st period - Slapshot by Tyler Pitlick.
8:43 of 1st period - Shot Blocked by Robbie Earl.
8:45 of 1st period - Wrist shot by Tyler Pitlick.
8:45 of 1st period - Shot Misses the Net.
8:57 of 1st period - Danny Kristo is hit by Boone Jenner.
9:20 of 1st period - Wrist shot by Marek Zagrapan.
9:20 of 1st period - Shot Misses the Net.
10:59 of 1st period - Off-side.
11:00 of 1st period - Luke Adam wins face-off versus Tyler Pitlick in neutral zone.
11:29 of 1st period - Steven Goertzen is hit by Jordan Schmaltz and loses puck.
12:06 of 1st period - Slapshot by Bryan Bickell.
12:06 of 1st period - Shot Blocked by David Rundblad.
12:08 of 1st period - Slapshot by Jordan Caron.
12:08 of 1st period - Goal by Jordan Caron - Punishers : 1 - Staline : 2.
12:09 of 1st period - Luke Adam wins face-off versus Lars Eller in neutral zone.
12:40 of 1st period - Minor Penalty to Nikita Nesterov for Hooking.
12:41 of 1st period - Lars Eller wins face-off versus Robbie Earl in Staline zone.
12:56 of 1st period - Slapshot by Robbie Earl.
12:56 of 1st period - Shot Misses the Net.
13:56 of 1st period - Mattias Tedenby is hit by Ondrej Palat and loses puck.
14:39 of 1st period - Mike Reilly is hit by Adam McQuaid and loses puck.
14:40 of 1st period - Penalty to Nikita Nesterov is over, Nikita Nesterov is back on ice.
14:49 of 1st period - Off-side.
14:50 of 1st period - David Desharnais wins face-off versus Boone Jenner in neutral zone.
15:00 of 1st period - Snap shot by James Sheppard.
15:00 of 1st period - Deflect By Tyler Pitlick.
15:00 of 1st period - Stopped by Niklas Svedberg with a rebound.
15:34 of 1st period - Snap shot by Danny Kristo.
15:34 of 1st period - Stopped by Niklas Svedberg without a rebound.
15:35 of 1st period - Miikka Salomaki wins face-off versus Corey Trivino in Punishers zone.
15:48 of 1st period - Wrist shot by Boone Jenner.
15:48 of 1st period - Stopped by Allen York with a rebound.
15:50 of 1st period - Wrist shot by Miikka Salomaki.
15:50 of 1st period - Shot Misses the Net.
16:09 of 1st period - Wrist shot by David Laliberté.
16:09 of 1st period - Shot Misses the Net.
16:28 of 1st period - Off-side.
16:29 of 1st period - David Desharnais wins face-off versus Casey Cizikas in neutral zone.
16:44 of 1st period - Snap shot by David Laliberté.
16:44 of 1st period - Stopped by Allen York with a rebound.
16:54 of 1st period - James Sheppard is hit by Adam McQuaid and loses puck.
17:23 of 1st period - Snap shot by David Desharnais.
17:23 of 1st period - Stopped by Niklas Svedberg without a rebound.
17:24 of 1st period - Lars Eller wins face-off versus Luke Adam in Punishers zone.
17:51 of 1st period - Slapshot by Brandon Burlon.
17:51 of 1st period - Shot Blocked by Stefan Elliott.
18:34 of 1st period - Slapshot by Miikka Salomaki.
18:34 of 1st period - Stopped by Allen York with a rebound.
19:24 of 1st period - Adam McQuaid is hit by Philip Larsen and loses puck.
19:59 of 1st period - Colton Gillies is hit by Lars Eller and loses puck.
Goals for this period are 1 for Punishers vs 2 for Staline.
Shots for this period are 12 for Punishers vs 10 for Staline.
2nd period
0:01 of 2nd period - Lars Eller wins face-off versus Luke Adam in neutral zone.
0:06 of 2nd period - Robbie Earl is hit by Stu Bickel and loses puck.
0:25 of 2nd period - Brandon Burlon is hit by David Laliberté and loses puck.
0:57 of 2nd period - Minor Penalty to Nikita Nesterov for Hooking.
0:58 of 2nd period - Luke Adam wins face-off versus Lars Eller in Staline zone.
1:00 of 2nd period - Wrist shot by Mattias Tedenby.
1:00 of 2nd period - Shot Blocked by Brandon Burlon.
1:14 of 2nd period - Steven Goertzen is hit by Nick Schultz and loses puck.
1:25 of 2nd period - Steven Goertzen is hit by Colton Gillies and loses puck.
2:47 of 2nd period - Icing by Casey Cizikas.
2:48 of 2nd period - Lars Eller wins face-off versus Casey Cizikas in Punishers zone.
2:57 of 2nd period - Penalty to Nikita Nesterov is over, Nikita Nesterov is back on ice.
3:30 of 2nd period - Damon Severson is hit by Tyler Pitlick and loses puck.
3:43 of 2nd period - Snap shot by Aaron Palushaj.
3:43 of 2nd period - Deflect By Garret Ross.
3:43 of 2nd period - Shot Misses the Net.
3:43 of 2nd period - Puck is out of play.
3:44 of 2nd period - Jordan Caron wins face-off versus Garret Ross in Staline zone.
3:49 of 2nd period - Snap shot by Aaron Palushaj.
3:49 of 2nd period - Stopped by Allen York without a rebound.
3:50 of 2nd period - Casey Cizikas wins face-off versus David Desharnais in Staline zone.
4:05 of 2nd period - Snap shot by David Desharnais.
4:05 of 2nd period - Stopped by Niklas Svedberg without a rebound.
4:06 of 2nd period - Luke Adam wins face-off versus Lars Eller in Punishers zone.
4:08 of 2nd period - Minor Penalty to Mattias Tedenby for Goalie Interference.
4:09 of 2nd period - Lars Eller wins face-off versus Robbie Earl in Punishers zone.
4:21 of 2nd period - Snap shot by Lars Eller.
4:21 of 2nd period - Shot Blocked by Luke Adam.
4:25 of 2nd period - Snap shot by Lars Eller.
4:25 of 2nd period - Shot Blocked by Adam McQuaid.
4:35 of 2nd period - Nick Schultz is hit by David Desharnais and loses puck.
6:08 of 2nd period - Penalty to Mattias Tedenby is over, Mattias Tedenby is back on ice.
6:43 of 2nd period - Slapshot by Danny Kristo.
6:43 of 2nd period - Shot Misses the Net.
7:14 of 2nd period - Slapshot by David Desharnais.
7:14 of 2nd period - Deflect By Tyler Pitlick.
7:14 of 2nd period - Stopped by Niklas Svedberg with a rebound.
7:40 of 2nd period - Minor Penalty to Andrey Pedan for Holding.
7:41 of 2nd period - Luke Adam wins face-off versus Lars Eller in Staline zone.
8:32 of 2nd period - Slapshot by Lars Eller.
8:32 of 2nd period - Shot Misses the Net.
8:34 of 2nd period - Slapshot by Brandon Burlon.
8:34 of 2nd period - Stopped by Niklas Svedberg without a rebound.
8:35 of 2nd period - David Desharnais wins face-off versus Luke Adam in Punishers zone.
9:01 of 2nd period - Steven Goertzen is hit by Colton Gillies and loses puck.
9:40 of 2nd period - Penalty to Andrey Pedan is over, Andrey Pedan is back on ice.
10:23 of 2nd period - Off-side.
10:24 of 2nd period - Corey Trivino wins face-off versus Miikka Salomaki in neutral zone.
10:27 of 2nd period - Slapshot by Philip Larsen.
10:27 of 2nd period - Shot Misses the Net.
10:29 of 2nd period - Slapshot by Corey Trivino.
10:29 of 2nd period - Goal by Corey Trivino - Punishers : 1 - Staline : 3.
10:30 of 2nd period - Lars Eller wins face-off versus Luke Adam in neutral zone.
10:55 of 2nd period - Adam McQuaid is hit by David Desharnais and loses puck.
11:27 of 2nd period - Off-side.
11:28 of 2nd period - Luke Adam wins face-off versus Lars Eller in neutral zone.
11:42 of 2nd period - Wrist shot by Ondrej Palat.
11:42 of 2nd period - Stopped by Niklas Svedberg without a rebound.
11:43 of 2nd period - Luke Adam wins face-off versus Steven Goertzen in Punishers zone.
12:06 of 2nd period - Minor Penalty to Robbie Earl for Hooking.
12:07 of 2nd period - Luke Adam wins face-off versus Lars Eller in Punishers zone.
14:06 of 2nd period - Penalty to Robbie Earl is over, Robbie Earl is back on ice.
14:26 of 2nd period - Snap shot by Jiri Sekac.
14:26 of 2nd period - Deflect By Corey Trivino.
14:26 of 2nd period - Goal by Corey Trivino - Punishers : 1 - Staline : 4.
14:26 of 2nd period - Louis Domingue enters game.
14:27 of 2nd period - David Desharnais wins face-off versus Luke Adam in neutral zone.
14:30 of 2nd period - Slapshot by David Desharnais.
14:30 of 2nd period - Shot Misses the Net.
14:42 of 2nd period - Snap shot by Luke Adam.
14:42 of 2nd period - Shot Blocked by David Desharnais.
14:52 of 2nd period - Nick Schultz is hit by Steven Goertzen and loses puck.
15:07 of 2nd period - Minor Penalty to Lars Eller for Hooking.
15:08 of 2nd period - Luke Adam wins face-off versus Corey Trivino in Staline zone.
15:11 of 2nd period - Wrist shot by Mattias Tedenby.
15:11 of 2nd period - Shot Misses the Net.
15:13 of 2nd period - Wrist shot by Luke Adam.
15:13 of 2nd period - Goal by Luke Adam - Punishers : 2 - Staline : 4.
15:14 of 2nd period - Luke Adam wins face-off versus Lars Eller in neutral zone.
15:19 of 2nd period - Lars Eller is hit by Mattias Tedenby.
15:41 of 2nd period - Tyler Pitlick is hit by Colton Gillies and loses puck.
16:02 of 2nd period - Snap shot by Miikka Salomaki.
16:02 of 2nd period - Shot Misses the Net.
16:21 of 2nd period - Snap shot by Corey Trivino.
16:21 of 2nd period - Shot Misses the Net.
16:23 of 2nd period - Backhand shot by Andrey Pedan.
16:23 of 2nd period - Deflect By Danny Kristo.
16:23 of 2nd period - Shot Misses the Net.
16:23 of 2nd period - Puck is out of play.
16:24 of 2nd period - Corey Trivino wins face-off versus Oscar Sundqvist in Punishers zone.
16:31 of 2nd period - Snap shot by Danny Kristo.
16:31 of 2nd period - Shot Blocked by Aaron Palushaj.
16:35 of 2nd period - Snap shot by Danny Kristo.
16:35 of 2nd period - Shot Misses the Net.
16:41 of 2nd period - Wrist shot by Corey Trivino.
16:41 of 2nd period - Shot Misses the Net.
16:43 of 2nd period - Snap shot by Danny Kristo.
16:43 of 2nd period - Goal by Danny Kristo - Punishers : 2 - Staline : 5.
16:44 of 2nd period - Luke Adam wins face-off versus Lars Eller in neutral zone.
16:46 of 2nd period - David Rundblad is hit by Brandon Burlon and loses puck.
16:49 of 2nd period - Minor Penalty to Steven Goertzen for High sticking.
16:50 of 2nd period - Lars Eller wins face-off versus Luke Adam in Staline zone.
16:55 of 2nd period - Snap shot by Luke Adam.
16:55 of 2nd period - Stopped by Allen York with a rebound.
16:57 of 2nd period - Snap shot by Mattias Tedenby.
16:57 of 2nd period - Shot Misses the Net.
16:59 of 2nd period - Slapshot by Adam McQuaid.
16:59 of 2nd period - Shot Misses the Net.
18:49 of 2nd period - Penalty to Steven Goertzen is over, Steven Goertzen is back on ice.
19:25 of 2nd period - Brandon Burlon is hit by Boone Jenner and loses puck.
19:58 of 2nd period - Mattias Tedenby is hit by James Sheppard and loses puck.
Goals for this period are 1 for Punishers vs 3 for Staline.
Shots for this period are 3 for Punishers vs 7 for Staline.
3rd period
0:01 of 3rd period - Lars Eller wins face-off versus Luke Adam in neutral zone.
0:14 of 3rd period - Snap shot by Lars Eller.
0:14 of 3rd period - Deflect By Steven Goertzen.
0:14 of 3rd period - Shot Misses the Net.
0:14 of 3rd period - Puck is out of play.
0:15 of 3rd period - David Desharnais wins face-off versus Luke Adam in Punishers zone.
0:34 of 3rd period - David Desharnais is hit by Robbie Earl and loses puck.
0:51 of 3rd period - Snap shot by Lars Eller.
0:51 of 3rd period - Shot Misses the Net.
0:57 of 3rd period - Slapshot by Stefan Elliott.
0:57 of 3rd period - Shot Misses the Net.
1:27 of 3rd period - Wrist shot by Aaron Palushaj.
1:27 of 3rd period - Shot Misses the Net.
1:47 of 3rd period - Snap shot by David Desharnais.
1:47 of 3rd period - Shot Blocked by Nick Schultz.
1:59 of 3rd period - Philip Larsen is hit by Luke Adam and loses puck.
2:16 of 3rd period - Snap shot by Bryan Bickell.
2:16 of 3rd period - Shot Blocked by Patrick Wiercioch.
2:18 of 3rd period - Minor Penalty to Miikka Salomaki for Roughing.
2:19 of 3rd period - Robbie Earl wins face-off versus Lars Eller in Punishers zone.
2:32 of 3rd period - Slapshot by Lars Eller.
2:32 of 3rd period - Shot Misses the Net.
2:34 of 3rd period - Slapshot by Ondrej Palat.
2:34 of 3rd period - Shot Misses the Net.
2:50 of 3rd period - Wrist shot by Tyler Pitlick.
2:50 of 3rd period - Deflect By David Desharnais.
2:50 of 3rd period - Stopped by Louis Domingue with a rebound.
2:52 of 3rd period - Wrist shot by Tyler Pitlick.
2:52 of 3rd period - Stopped by Louis Domingue without a rebound.
2:53 of 3rd period - Robbie Earl wins face-off versus Lars Eller in Punishers zone.
3:04 of 3rd period - David Rundblad is hit by Lars Eller and loses puck.
3:21 of 3rd period - Stefan Elliott is hit by Lars Eller and loses puck.
3:49 of 3rd period - Snap shot by Ondrej Palat.
3:49 of 3rd period - Stopped by Louis Domingue without a rebound.
3:50 of 3rd period - David Desharnais wins face-off versus Mattias Tedenby in Punishers zone.
4:18 of 3rd period - Penalty to Miikka Salomaki is over, Miikka Salomaki is back on ice.
4:38 of 3rd period - Snap shot by David Laliberté.
4:38 of 3rd period - Goal by David Laliberté - Punishers : 3 - Staline : 5.
4:39 of 3rd period - Steven Goertzen wins face-off versus Luke Adam in neutral zone.
5:22 of 3rd period - Tyler Pitlick is hit by Colton Gillies and loses puck.
5:33 of 3rd period - Slapshot by James Sheppard.
5:33 of 3rd period - Stopped by Louis Domingue without a rebound.
5:34 of 3rd period - Boone Jenner wins face-off versus Lars Eller in Punishers zone.
5:45 of 3rd period - Wrist shot by Ondrej Palat.
5:45 of 3rd period - Stopped by Louis Domingue with a rebound.
5:59 of 3rd period - Robbie Earl is hit by Bryan Bickell and loses puck.
6:04 of 3rd period - Snap shot by Marek Zagrapan.
6:04 of 3rd period - Stopped by Louis Domingue with a rebound.
6:06 of 3rd period - Slapshot by Nikita Nesterov.
6:06 of 3rd period - Stopped by Louis Domingue with a rebound.
6:08 of 3rd period - Snap shot by Jordan Caron.
6:08 of 3rd period - Goal by Jordan Caron - Punishers : 3 - Staline : 6.
6:09 of 3rd period - Lars Eller wins face-off versus Luke Adam in neutral zone.
6:28 of 3rd period - Brandon Burlon is hit by Robbie Earl and loses puck.
6:39 of 3rd period - Slapshot by David Desharnais.
6:39 of 3rd period - Stopped by Louis Domingue with a rebound.
6:49 of 3rd period - Slapshot by Colton Gillies.
6:49 of 3rd period - Shot Misses the Net.
7:10 of 3rd period - Snap shot by Marek Zagrapan.
7:10 of 3rd period - Stopped by Louis Domingue with a rebound.
7:12 of 3rd period - Slapshot by Brandon Burlon.
7:12 of 3rd period - Stopped by Louis Domingue with a rebound.
8:04 of 3rd period - Philip Larsen is hit by Casey Cizikas and loses puck.
8:21 of 3rd period - Damon Severson is hit by Marek Zagrapan and loses puck.
8:36 of 3rd period - Steven Goertzen is hit by Robbie Earl.
8:40 of 3rd period - Luke Adam is hit by Steven Goertzen and loses puck.
8:47 of 3rd period - Wrist shot by Lars Eller.
8:47 of 3rd period - Stopped by Louis Domingue without a rebound.
8:48 of 3rd period - David Desharnais wins face-off versus Casey Cizikas in Punishers zone.
8:51 of 3rd period - Wrist shot by Tyler Pitlick.
8:51 of 3rd period - Shot Blocked by Nick Schultz.
9:03 of 3rd period - Colton Gillies is hit by Nikita Nesterov and loses puck.
9:26 of 3rd period - Ondrej Palat is hit by Miikka Salomaki.
9:58 of 3rd period - Wrist shot by Ondrej Palat.
9:58 of 3rd period - Stopped by Louis Domingue without a rebound.
9:59 of 3rd period - David Desharnais wins face-off versus Casey Cizikas in Punishers zone.
10:30 of 3rd period - Icing by Bryan Bickell.
10:31 of 3rd period - Marek Zagrapan wins face-off versus Luke Adam in Staline zone.
10:31 of 3rd period - Marek Zagrapan is hit by Stefan Elliott.
11:22 of 3rd period - Wrist shot by Mattias Tedenby.
11:22 of 3rd period - Shot Misses the Net.
12:32 of 3rd period - Wrist shot by Mattias Tedenby.
12:32 of 3rd period - Shot Misses the Net.
12:50 of 3rd period - Snap shot by Marek Zagrapan.
12:50 of 3rd period - Shot Misses the Net.
12:52 of 3rd period - Snap shot by Bryan Bickell.
12:52 of 3rd period - Stopped by Louis Domingue with a rebound.
12:54 of 3rd period - Slapshot by Mike Reilly.
12:54 of 3rd period - Stopped by Louis Domingue with a rebound.
12:56 of 3rd period - Slapshot by Mike Reilly.
12:56 of 3rd period - Shot Misses the Net.
13:08 of 3rd period - Slapshot by David Rundblad.
13:08 of 3rd period - Stopped by Allen York without a rebound.
13:09 of 3rd period - Ondrej Palat wins face-off versus Casey Cizikas in Staline zone.
13:16 of 3rd period - Wrist shot by Colton Gillies.
13:16 of 3rd period - Stopped by Allen York with a rebound.
13:38 of 3rd period - Backhand shot by Adam McQuaid.
13:38 of 3rd period - Stopped by Allen York with a rebound.
14:43 of 3rd period - Boone Jenner is hit by Danny Kristo and loses puck.
15:27 of 3rd period - Slapshot by James Sheppard.
15:27 of 3rd period - Shot Blocked by Adam McQuaid.
15:29 of 3rd period - Wrist shot by David Desharnais.
15:29 of 3rd period - Shot Blocked by Nick Schultz.
19:31 of 3rd period - David Desharnais is hit by Aaron Palushaj and loses puck.
Goals for this period are 1 for Punishers vs 1 for Staline.
Shots for this period are 4 for Punishers vs 15 for Staline.
Back to the Top